 Dungeon Crawl Stone Soup version 0.21.1-1-g345015f (webtiles) character file.

660 tidbits the Charmwright (level 7, -4/56 HPs)
             Began as a Gnoll Skald on June 20, 2018.
             Was an Initiate of Cheibriados.
             Slain by a two-headed ogre
             ... wielding a +0 giant club
              (14 damage)
             ... on level 8 of the Dungeon.
             The game lasted 00:10:25 (956 turns).

tidbits the Charmwright (Gnoll Skald)                Turns: 956, Time: 00:10:26

Health: -4/56      AC:  2    Str: 15    XL:     7   Next: 56%
Magic:  2/15       EV: 15    Int: 18    God:    Cheibriados [......]
Gold:   57         SH:  4    Dex: 15    Spells: 5/17 levels left

rFire    + . .     SeeInvis .   m - +0 war axe
rCold    + . .     Gourm    .   D - +0 buckler (curse)
rNeg     . . .     Faith    .   B - +0 robe {Archmagi}
rPois    +         Spirit   .   (no helmet)
rElec    +         Reflect  .   (no cloak)
rCorr    +         Harm     .   (no gloves)
MR       .....                  (no boots)
Stlth    ++........             (no amulet)
HPRegen  0.18/turn              (no ring)
MPRegen  0.14/turn              (no ring)

@: resistant, very slow
A: distributed training, fangs 1, strong nose
a: Bend Time, Renounce Religion


You were on level 8 of the Dungeon.
You worshipped Cheibriados.
Cheibriados was noncommittal.
You were not hungry.

You visited 2 branches of the dungeon, and saw 9 of its levels.

You collected 57 gold pieces.

Inventory:

Hand Weapons
 a - a +0 hand axe
 e - a +1 dagger of draining
   (You took it off a kobold on level 1 of the Dungeon)
 m - a +0 war axe (weapon)
 n - a +0 trident
 p - a +0 morningstar
Missiles
 h - 4 tomahawks (quivered)
 i - 10 arrows
Armour
 b - a +0 leather armour
 B - a +0 robe of the Archmagi (worn)
   (You found it on level 4 of the Dungeon)
 D - a cursed +0 buckler (worn)
Scrolls
 g - a scroll of magic mapping
 q - 3 scrolls of enchant weapon
 r - 3 scrolls of remove curse
 u - a scroll of enchant armour {unknown}
Potions
 f - a potion of curing {unknown}
 o - a potion of degeneration
Books
 c - a book of Battle

   Spells                             Type                      Level
   a - Infusion                       Charms                       1
   b - Shroud of Golubria             Charms/Translocation         2
   c - Song of Slaying                Charms                       2
   d - Spectral Weapon                Hexes/Charms                 3
   e - Regeneration                   Charms/Necromancy            3
 k - a book of Changes
   (You found it on level 4 of the Dungeon)

   Spells                             Type                      Level
   a - Beastly Appendage              Transmutation                1
   b - Sticks to Snakes               Transmutation                2
   c - Spider Form                    Transmutation/Poison         3
   d - Ice Form                       Ice/Transmutation            4
   e - Blade Hands                    Transmutation                5
Comestibles
 d - 4 rations
 s - a chunk of flesh


   Skills:
 + Level 5.2 Fighting
 + Level 2.5 Short Blades
 + Level 2.5 Long Blades
 + Level 5.2 Axes
 + Level 2.5 Maces & Flails
 + Level 2.5 Polearms
 + Level 2.5 Staves
 + Level 2.5 Slings
 + Level 2.5 Bows
 + Level 2.5 Crossbows
 + Level 2.5 Throwing
 + Level 3.6 Armour
 + Level 5.2 Dodging
 + Level 2.5 Stealth
 + Level 2.5 Shields
 + Level 2.5 Unarmed Combat
 + Level 5.6 Spellcasting
 + Level 2.0 Conjurations
 + Level 2.0 Hexes
 + Level 5.8 Charms
 + Level 2.0 Summonings
 + Level 2.0 Necromancy
 + Level 2.0 Translocations
 + Level 2.0 Transmutations
 + Level 2.0 Fire Magic
 + Level 2.0 Ice Magic
 + Level 2.0 Air Magic
 + Level 2.0 Earth Magic
 + Level 2.0 Poison Magic
 + Level 2.8 Invocations
 + Level 2.5 Evocations


You had 5 spell levels left.
You knew the following spells:

 Your Spells              Type           Power        Failure   Level  Hunger
e - Beastly Appendage     Tmut           ###...       6%          1    None
g - Shroud of Golubria    Chrm/Tloc      ####......   4%          2    None
i - Infusion              Chrm           ####         1%          1    None
r - Regeneration          Chrm/Necr      ####......   9%          3    ##.....
w - Spectral Weapon       Hex/Chrm       ####....     9%          3    ##.....
y - Song of Slaying       Chrm           #####...     1%          2    None


Dungeon Overview and Level Annotations

Branches:
Dungeon (8/15)             Temple (1/1) D:6
   Lair: D:8-11

Altars:
Ashenzari
Cheibriados
Dithmenos
Elyvilon
Fedhas
Kikubaaqudgha
Makhleb
Nemelex Xobeh
Okawaru
Qazlal
Sif Muna
Trog
Uskayaw
Wu Jian
Xom
Zin

Annotations:
D:3 dscm's ghost, amateur OpAs
D:4 Drak's ghost, amateur DgTm


Innate Abilities, Weirdness & Mutations

Your experience applies equally to all skills.
You have very sharp teeth.
Your uncanny sense of smell can sniff out nearby items.


Message History

Your spectral weapon hits the orc warrior.
The orc warrior completely misses your spectral weapon.
You hit the orc warrior but do no damage.
You bite the orc warrior, but do no damage.
The orc warrior is almost dead.
Your spectral weapon hits the orc warrior!
You kill the orc warrior!
Cheibriados thoroughly appreciates the change of pace.
Your Conjurations skill increases to level 2!
Your Hexes skill increases to level 2!
Your Summonings skill increases to level 2!
Your Necromancy skill increases to level 2!
Your Translocations skill increases to level 2!
Your Transmutations skill increases to level 2!
Your Fire Magic skill increases to level 2!
Your Ice Magic skill increases to level 2!
Your Air Magic skill increases to level 2!
Your Earth Magic skill increases to level 2!
Your Poison Magic skill increases to level 2!
You barely miss the orc.
The orc is severely wounded.
Your spectral weapon barely misses the orc.
The orc closely misses you. The orc barely misses you.
You hit the orc but do no damage.
The orc is severely wounded.
Your spectral weapon barely misses the orc.
The orc closely misses you.
You slash the orc!
You kill the orc!
Cheibriados appreciates the change of pace.
You slash the orc!
You kill the orc!
Cheibriados thoroughly appreciates the change of pace.
Cheibriados slows and strengthens your metabolism.
Cheibriados raises the support of your attributes as your movement slows.
Items here: ))) [[ ††
Okay, then.
Eat one of 2 chunks of flesh? (ye/n/q)
Okay, then.
Casting: Spectral Weapon
Confirm with . or Enter, or press ? or * to list all spells.
You feel a surge of power!
Your skin crawls.
Eat one of 2 chunks of flesh? (ye/n/q)
You eat one of the 2 chunks of flesh.
This raw flesh tastes terrible.
Your spectral weapon fades away.
Your skin is crawling a little less now.
You see here a tomahawk.
h - 3 tomahawks (gained 1)
You see here a tomahawk.
h - 4 tomahawks (gained 1)
Your skin stops crawling.
Your song is almost over.
Your song has ended.
As you read the scroll labeled LOLAS NODWYWN, it crumbles to dust.
You feel strangely unstable.
It was a scroll of teleportation.
Your surroundings suddenly seem different.
Found 3 javelins, a long lead wand and 22 gold pieces. 2 two-headed ogres come into view.
The two-headed ogre shouts in stereo!
The two-headed ogre closely misses you. x2
You see here a wand of polymorph (14).
You aren't carrying any items that you can evoke.
Unknown command.
Unknown command.
The flow of time bends around you.
The two-headed ogre resists with some effort.
You feel slightly more hungry.
Cheibriados no longer slows and strengthens your metabolism.
Cheibriados lowers the support of your attributes as your movement quickens.
The two-headed ogre barely misses you.
The two-headed ogre hits you with a giant club!!
Unknown command.
You feel much better.
The two-headed ogre hits you with a giant club!!
The two-headed ogre barely misses you.
Unknown command.
Casting: Regeneration
Confirm with . or Enter, or press ? or * to list all spells.
You feel a surge of power!
You draw out your weapon's spirit!
The two-headed ogre hits you with a giant club!
The two-headed ogre completely misses you.
The flow of time bends around you.
Cheibriados rebukes the two-headed ogre.
The two-headed ogre seems to slow down.
The two-headed ogre resists with some effort.
You feel slightly more hungry. You block the two-headed ogre's attack.
The two-headed ogre hits you with a giant club!
* * * LOW HITPOINT WARNING * * *
You slash the two-headed ogre!
The two-headed ogre is lightly wounded.
You hit the two-headed ogre but do no damage.
Your spectral weapon hits the two-headed ogre!
The two-headed ogre hits you with a giant club!
* * * LOW HITPOINT WARNING * * *
The two-headed ogre hits you with a giant club.
* * * LOW HITPOINT WARNING * * *
It was a potion of resistance.
You feel protected.
The two-headed ogre hits you with a giant club!
You die...

# #. #..
#...
#...###
#...###
###(O.###
###@O.#
##(..#
..$# ..##
.## ##


You could see 2 two-headed ogres and a friendly spectral war axe.

Vanquished Creatures
  Menkaure (D:7)
  An orc warrior (D:8)
  A centaur (D:6)
  A howler monkey (D:5)
  A crimson imp (D:6)
  A bullfrog zombie (D:6)
  A centaur skeleton (D:6)
  3 worker ants
  3 orc wizards
  A hound skeleton (D:6)
  An adder (D:4)
  A shadow imp (D:6)
  An ooze (D:3)
  A worm (D:2)
  2 dart slugs
  3 leopard geckos
  9 orcs
  2 ball pythons (D:3)
  6 hobgoblins
  3 jackals (D:3)
  A quokka (D:6)
  2 bats
  A frilled lizard (D:5)
  2 kobolds
  A quokka skeleton (D:4)
  2 rats
52 creatures vanquished.

Vanquished Creatures (others)
  2 spectral weapons
2 creatures vanquished.

Grand Total: 54 creatures vanquished

Notes
Turn   | Place    | Note
-------+----------+-------------------------------------------
     0 | D:1      | tidbits the Gnoll Skald began the quest for the Orb.
     0 | D:1      | Reached XP level 1. HP: 20/20 MP: 6/6
    70 | D:1      | Reached XP level 2. HP: 19/26 MP: 0/7
    74 | D:1      | Learned a level 2 spell: Song of Slaying
    77 | D:1      | Learned a level 2 spell: Shroud of Golubria
   273 | D:3      | Reached XP level 3. HP: 9/31 MP: 5/9
   274 | D:3      | Reached skill level 5 in Spellcasting
   282 | D:3      | Learned a level 3 spell: Regeneration
   297 | D:3      | Noticed dscm's ghost (amateur OpAs)
   336 | D:4      | Reached skill level 1 in Invocations
   358 | D:4      | Learned a level 3 spell: Spectral Weapon
   373 | D:4      | Learned a level 1 spell: Beastly Appendage
   423 | D:4      | You fall through a shaft!
   423 | D:5      | Entered Level 5 of the Dungeon
   470 | D:5      | Reached skill level 1 in Short Blades
   470 | D:5      | Reached skill level 1 in Long Blades
   470 | D:5      | Reached skill level 1 in Maces & Flails
   470 | D:5      | Reached skill level 1 in Polearms
   470 | D:5      | Reached skill level 1 in Staves
   470 | D:5      | Reached skill level 1 in Slings
   470 | D:5      | Reached skill level 1 in Bows
   470 | D:5      | Reached skill level 1 in Crossbows
   470 | D:5      | Reached skill level 1 in Throwing
   470 | D:5      | Reached skill level 1 in Stealth
   470 | D:5      | Reached skill level 1 in Shields
   470 | D:5      | Reached skill level 1 in Unarmed Combat
   470 | D:5      | Reached skill level 1 in Evocations
   470 | D:5      | Reached XP level 4. HP: 22/38 MP: 7/11
   475 | D:5      | Reached skill level 1 in Conjurations
   475 | D:5      | Reached skill level 1 in Hexes
   475 | D:5      | Reached skill level 1 in Summonings
   475 | D:5      | Reached skill level 1 in Necromancy
   475 | D:5      | Reached skill level 1 in Translocations
   475 | D:5      | Reached skill level 1 in Transmutations
   475 | D:5      | Reached skill level 1 in Fire Magic
   475 | D:5      | Reached skill level 1 in Ice Magic
   475 | D:5      | Reached skill level 1 in Air Magic
   475 | D:5      | Reached skill level 1 in Earth Magic
   475 | D:5      | Reached skill level 1 in Poison Magic
   586 | D:4      | Noticed Drak's ghost (amateur DgTm)
   601 | D:5      | Reached XP level 5. HP: 43/43 MP: 8/12
   637 | D:5      | Reached skill level 3 in Armour
   651 | D:6      | Noticed a centaur
   653 | D:6      | Reached XP level 6. HP: 27/50 MP: 4/13
   656 | D:6      | Reached skill level 2 in Invocations
   656 | D:6      | Reached skill level 5 in Fighting
   656 | D:6      | Reached skill level 5 in Axes
   656 | D:6      | Reached skill level 5 in Dodging
   676 | D:6      | Found a staircase to the Ecumenical Temple.
   685 | Temple   | Entered the Ecumenical Temple
   719 | Temple   | Became a worshipper of Cheibriados the Contemplative
   779 | D:6      | Reached skill level 2 in Short Blades
   779 | D:6      | Reached skill level 2 in Long Blades
   779 | D:6      | Reached skill level 2 in Maces & Flails
   779 | D:6      | Reached skill level 2 in Polearms
   779 | D:6      | Reached skill level 2 in Staves
   779 | D:6      | Reached skill level 2 in Slings
   779 | D:6      | Reached skill level 2 in Bows
   779 | D:6      | Reached skill level 2 in Crossbows
   779 | D:6      | Reached skill level 2 in Throwing
   779 | D:6      | Reached skill level 2 in Stealth
   779 | D:6      | Reached skill level 2 in Shields
   779 | D:6      | Reached skill level 2 in Unarmed Combat
   779 | D:6      | Reached skill level 2 in Evocations
   804 | D:6      | Noticed a phantom
   865 | D:6      | Reached XP level 7. HP: 56/56 MP: 9/15
   883 | D:7      | Noticed Menkaure
   889 | D:7      | Killed Menkaure
   923 | D:8      | Reached skill level 2 in Conjurations
   923 | D:8      | Reached skill level 2 in Hexes
   923 | D:8      | Reached skill level 2 in Summonings
   923 | D:8      | Reached skill level 2 in Necromancy
   923 | D:8      | Reached skill level 2 in Translocations
   923 | D:8      | Reached skill level 2 in Transmutations
   923 | D:8      | Reached skill level 2 in Fire Magic
   923 | D:8      | Reached skill level 2 in Ice Magic
   923 | D:8      | Reached skill level 2 in Air Magic
   923 | D:8      | Reached skill level 2 in Earth Magic
   923 | D:8      | Reached skill level 2 in Poison Magic
   927 | D:8      | Reached * piety under Cheibriados
   949 | D:8      | Noticed a two-headed ogre
   949 | D:8      | Noticed a two-headed ogre
   956 | D:8      | Slain by a two-headed ogre

Skill      XL: |  1  2  3  4  5  6  7 |
---------------+----------------------+-----
Spellcasting   | 5 |  5.6
Invocations    | 1 2 |  2.8
Short Blades   | 1 2 |  2.5
Long Blades    | 1 2 |  2.5
Maces & Flails | 1 2 |  2.5
Polearms       | 1 2 |  2.5
Staves         | 1 2 |  2.5
Slings         | 1 2 |  2.5
Bows           | 1 2 |  2.5
Crossbows      | 1 2 |  2.5
Throwing       | 1 2 |  2.5
Stealth        | 1 2 |  2.5
Shields        | 1 2 |  2.5
Unarmed Combat | 1 2 |  2.5
Evocations     | 1 2 |  2.5
Conjurations   | 1 2 |  2.0
Hexes          | 1 2 |  2.0
Summonings     | 1 2 |  2.0
Necromancy     | 1 2 |  2.0
Translocations | 1 2 |  2.0
Transmutations | 1 2 |  2.0
Fire Magic     | 1 2 |  2.0
Ice Magic      | 1 2 |  2.0
Air Magic      | 1 2 |  2.0
Earth Magic    | 1 2 |  2.0
Poison Magic   | 1 2 |  2.0
Armour         | 3 |  3.6
Fighting       | 5 |  5.2
Axes           | 5 |  5.2
Dodging        | 5 |  5.2
Charms         | |  5.8

Action                   |  1- 3 |  4- 6 |  7- 9 || total
-------------------------+-------+-------+-------++-------
Melee: Hand axe          |    26 |       |       ||    26
       Dagger            |    31 |       |       ||    31
       Bite              |     7 |     4 |     3 ||    14
       War axe           |     2 |    35 |    14 ||    51
       Punch             |       |     1 |       ||     1
Throw: Tomahawk          |       |       |     2 ||     2
 Cast: Infusion          |     3 |       |       ||     3
       Shroud of Golubri |     2 |     1 |       ||     3
       Song of Slaying   |     1 |     2 |     1 ||     4
       Spectral Weapon   |     2 |     8 |     3 ||    13
       Regeneration      |     1 |     2 |     2 ||     5
Invok: Bend Time         |       |       |     2 ||     2
  Use: Potion            |       |     2 |     2 ||     4
       Scroll            |       |     4 |     1 ||     5
 Stab: Sleeping          |       |     1 |       ||     1
  Eat: Chunk             |       |     1 |     1 ||     2
Armor: Leather armour    |    10 |       |       ||    10
       Robe              |       |     1 |       ||     1
Dodge: Dodged            |    40 |    29 |    10 ||    79
Block: Buckler           |       |       |     1 ||     1

Table legend:
 A = Turns spent in this place as a percentage of turns spent in the entire game.
 B = Non-inter-level travel turns spent in this place as a percentage of non-inter-level travel turns spent in the entire game.
 C = Inter-level travel turns spent in this place as a percentage of turns spent in this place.
 D = Turns resting spent in this place as a percentage of non-inter-level travel turns spent in this place.
 E = Turns spent auto-exploring this place as a percentage of non-inter-level travel turns spent in this place.
 F = Non-inter-level travel turns spent in this place divided by the number of levels of this place that you've seen.
                   A       B       C       D       E      F
               +-------+-------+-------+-------+-------+----------------------
         Total | 100.0 | 100.0 |   3.3 |   0.0 |   0.0 | 102.7
       Dungeon |  92.8 |  96.0 |   0.0 |   0.0 |   0.0 | 110.9
        Temple |   7.2 |   4.0 |  46.4 |   0.0 |   0.0 |  37.0
               +-------+-------+-------+-------+-------+----------------------

Table legend:
 A = Kills in this place as a percentage of kills in entire the game.
 B = Kills by you in this place as a percentage of kills by you in the entire game.
 C = Kills by friends in this place as a percentage of kills by friends in the entire game.
 D = Other kills in this place as a percentage of other kills in the entire game.
 E = Experience gained in this place as a percentage of experience gained in the entire game.
 F = Experience gained in this place divided by the number of levels of this place that you have seen.
                   A       B       C       D       E      F
               +-------+-------+-------+-------+-------+----------------------
         Total | 100.0 | 100.0 |   N/A |   N/A | 100.0 | 104.8
       Dungeon | 100.0 | 100.0 |   N/A |   N/A | 100.0 | 117.9
               +-------+-------+-------+-------+-------+----------------------

Vault maps used:
D:1:      tarquinn_simple_flora_water_d, minmay_stone_trees_medium
D:2:      first_ration
D:5:      serial_shops, shop, minmay_misc_feat_tower, kennysheep_cross_room
D:6:      minmay_temple_entry_statues_fountains
D:7:      grunt_temple_overflow_open, serial_shops, shop, grunt_livestock,
          uniq_menkaure
D:8:      lair_entry_dummy
Temple:   compressed_dpeg_circular_temple
